Condors vs Carnivores
(R1)
Created - December 15, 2020 at 19:47
Goals
|
Condors |
1 |
0 |
4 |
5 |
Carnivores |
0 |
1 |
1 |
2 |
|
Shots
|
Condors |
11 |
6 |
15 |
32 |
Carnivores |
10 |
13 |
13 |
36 |
|
1st period
1. Condors , Frederik Gauthier 10 (Carl Gunnarsson 15, Anton Slepyshev 12) at 4:45 (PP)
Penalties :
Andrew Mangiapane (Bak) for Holding (Minor) at 0:28, Nicolas Deslauriers (Bre) for Roughing (Minor) at 3:36, Blake Geoffrion (Bre) for Hooking (Minor) at 10:44, Nicolas Kerdiles (Bre) for Slashing (Minor) at 16:10
2nd period
2. Carnivores , Josh Morrissey 5 (Mat Clark 9) at 8:19
Penalties :
Louis Leblanc (Bak) for Holding (Minor) at 3:49, Blake Geoffrion (Bre) for Interference (Minor) at 4:50, Blake Geoffrion (Bre) for Hooking (Minor) at 12:12, Andreas Englund (Bre) for Hooking (Minor) at 15:51
3rd period
3. Condors , Mikko Lehtonen 5 (Carl Gunnarsson 16) at 4:32
4. Carnivores , Lucas Wallmark 2 (Nicolas Deslauriers 9) at 12:34
5. Condors , Christian Thomas 5 (Marc-André Bourdon 2, Daniel Zaar 6) at 14:00
6. Condors , Daniel Zaar 12 (Zac Leslie 11, Christian Thomas 6) at 15:37
7. Condors , Daniel Zaar 13 (Zac Leslie 12, Marc-André Bourdon 3) at 16:50
Penalties :
T.J Brodie (Bre) for Holding (Minor) at 2:19, Nicolas Kerdiles (Bre) for Slashing (Minor) at 7:05, Mat Clark (Bre) for Hooking (Minor) at 16:53
Goalie Stats
Mackenzie Blackwood (Bak), 34 saves from 36 shots - (0.944), W, 9-6-1, 60:00 minutes
Niklas Svedberg (Bre), 27 saves from 32 shots - (0.844), L, 8-3-1, 60:00 minutes
Players Stats for Condors
Player Name G A P +/- PIM S H SB GA TA FO MP PP MP PK MP
------------------------------------------------------------------------------------
Alex Tuch 0 0 0 -1 0 2 0 0 0 0 1/1 21:19 8:41 0:42
Andrew Mangiapane 0 0 0 -1 2 0 4 2 1 0 0/0 19:00 7:02 0:10
Anton Slepyshev 0 1 1 -1 0 2 2 1 1 0 1/3 18:28 8:21 0:00
Brett Lernout 0 0 0 0 0 0 0 0 0 0 0/0 0:22 0:00 0:00
C.J Suess 0 0 0 1 0 0 2 0 0 0 0/0 6:38 0:00 0:00
Carl Gunnarsson 0 2 2 -1 0 1 3 3 2 1 0/0 29:11 10:11 2:05
Chris Bigras 0 0 0 1 0 0 0 1 0 0 0/0 11:45 0:40 0:55
Christian Thomas 1 1 2 3 0 3 0 1 0 0 0/0 11:30 0:06 0:00
Connor Hurley 0 0 0 1 0 0 0 0 0 0 0/1 6:38 0:00 0:00
Daniel Zaar 2 1 3 3 0 5 2 0 0 0 0/0 12:35 0:46 0:00
Eric Gustafsson 0 0 0 -1 0 4 2 1 1 1 0/0 25:30 5:52 2:05
Erik Cernak 0 0 0 1 0 0 1 1 0 0 0/0 9:00 0:00 0:00
Frederik Gauthier 1 0 1 -1 0 3 2 1 0 1 8/21 19:57 8:34 1:01
Louis Leblanc 0 0 0 3 2 2 2 0 0 0 3/6 13:11 1:20 0:13
Marc-André Bourdon 0 2 2 2 0 1 2 1 0 1 0/0 22:44 9:31 0:00
Mark Jankowski 0 0 0 -1 0 3 1 0 2 0 14/32 21:17 6:59 2:05
Mikko Lehtonen 1 0 1 1 0 2 1 0 1 0 1/1 6:48 0:10 0:00
Nail Yakupov 0 0 0 -1 0 0 2 0 0 0 0/0 18:39 6:10 1:49
Zac Leslie 0 2 2 2 0 4 1 2 0 0 0/0 21:28 5:52 0:55
Players Stats for Carnivores
Player Name G A P +/- PIM S H SB GA TA FO MP PP MP PK MP
------------------------------------------------------------------------------------
Andreas Englund 0 0 0 -1 2 0 0 3 0 0 0/0 14:24 0:28 5:50
Anton Gustafsson 0 0 0 0 0 3 0 1 1 1 11/20 20:47 0:53 8:19
Blake Geoffrion 0 0 0 0 6 3 0 0 0 0 0/0 12:32 0:52 0:00
Brett Connolly 0 0 0 1 0 1 0 0 0 0 0/0 5:49 0:00 0:00
Carl Dahlstrom 0 0 0 1 0 1 0 0 0 0 0/0 5:28 0:00 1:03
Chris Lawrence 0 0 0 0 0 1 0 2 0 0 0/0 11:52 0:53 0:00
Hunter Shinkaruk 0 0 0 -2 0 2 1 0 0 0 1/1 11:00 0:00 0:45
Joel Armia 0 0 0 -1 0 3 0 0 0 0 0/0 14:14 2:07 0:00
Josh Morrissey 1 0 1 -1 0 5 2 1 0 1 0/0 29:14 2:32 9:13
Lucas Wallmark 1 0 1 1 0 1 1 0 0 0 1/2 5:49 0:00 0:00
Mark McNeill 0 0 0 -1 0 2 3 1 1 0 0/0 10:28 0:00 0:00
Markus Granlund 0 0 0 -1 0 3 0 1 0 0 2/7 14:42 0:00 4:18
Mat Clark 0 1 1 -1 2 0 1 3 0 2 0/0 27:45 2:32 7:45
Mattias Backman 0 0 0 -1 0 0 0 0 0 0 0/0 9:46 0:00 2:17
Nicolas Deslauriers 0 1 1 1 2 1 1 0 0 0 1/1 12:34 0:00 6:42
Nicolas Kerdiles 0 0 0 -1 4 3 3 2 1 4 0/2 21:40 2:07 6:29
Riley Barber 0 0 0 0 0 0 0 0 0 0 1/2 4:36 0:00 4:08
Scott Laughton 0 0 0 -2 0 4 1 0 1 0 20/30 16:32 2:07 1:25
T.J Brodie 0 0 0 -2 2 1 1 3 0 0 0/0 18:16 0:28 5:58
Travis Dermott 0 0 0 -1 0 2 1 0 0 0 0/0 11:00 0:00 0:00
Trevor Van Riemsdyk 0 0 0 1 0 0 0 1 0 0 0/0 4:22 0:00 0:00
3 Stars
1 - Daniel Zaar (Bak)
2 - Christian Thomas (Bak)
3 - Marc-André Bourdon (Bak)
Power Play
Condors - 1 on 9 Attempt(s) - 11.11%
Carnivores - 0 on 2 Attempt(s) - 0.00%
Penalty Kill
Condors - 2 on 2 Attempt(s) - 100.00%
- Score 0 goal in Penalty Kill
Carnivores - 8 on 9 Attempt(s) - 88.89%
- Score 0 goal in Penalty Kill
Team Stat
Condors - Hits : 27 - Faceoff Wins : 28 - Blocked Shots : 14 - Penalty Minutes : 4
Carnivores - Hits : 15 - Faceoff Wins : 37 - Blocked Shots : 18 - Penalty Minutes : 18
Official
Referees : Unknown
Linesman : Unknown
Game Notes
No Game Note
Finance
Level 1 -- Attendance: 1436 (71.80%) -- Ticket Income $57,440
Level 2 -- Attendance: 664 (66.40%) -- Ticket Income $13,280
Total Attendance: 2100 (70.00%)
Total Ticket Income: $70,720
Other Income: $3,536
Total Income: $74,256
Condors
5 vs 5 Forward
Center Left Wing Right Wing Time % Phy DF OF
1 Mark Jankowski Andrew Mangiapane Alex Tuch 40 1 2 2
2 Frederik Gauthier Anton Slepyshev Nail Yakupov 30 1 2 2
3 Louis Leblanc Christian Thomas Daniel Zaar 20 1 2 2
4 Connor Hurley C.J Suess Mikko Lehtonen 10 1 2 2
5 vs 5 Defense
Defense Defense Time % Phy DF OF
1 Carl Gunnarsson Eric Gustafsson 40 1 2 2
2 Zac Leslie Marc-André Bourdon 30 1 2 2
3 Chris Bigras Erik Cernak 20 1 2 2
4 Chris Bigras Eric Gustafsson 10 1 2 2
PowerPlay Forward
Center Left Wing Right Wing Time % Phy DF OF
1 Frederik Gauthier Anton Slepyshev Alex Tuch 60 0 2 3
2 Mark Jankowski Andrew Mangiapane Nail Yakupov 40 0 2 3
PowerPlay Defense
Defense Defense Time % Phy DF OF
1 Carl Gunnarsson Marc-André Bourdon 60 0 2 3
2 Zac Leslie Eric Gustafsson 40 0 2 3
Penalty Kill 4 Players Forward
Center Wing Time % Phy DF OF
1 Mark Jankowski Nail Yakupov 60 0 3 2
2 Frederik Gauthier Mark Jankowski 40 0 3 2
Penalty Kill 4 Players Defense
Defense Defense Time % Phy DF OF
1 Carl Gunnarsson Eric Gustafsson 60 0 3 2
2 Zac Leslie Chris Bigras 40 0 3 2
Penalty Kill - 3 Players Forward
Forward Time % Phy DF OF
1 Mark Jankowski 60 1 2 2
2 Nail Yakupov 40 1 2 2
Penalty Kill - 3 Players Defense
Defense Defense Time % Phy DF OF
1 Carl Gunnarsson Eric Gustafsson 60 1 2 2
2 Zac Leslie Chris Bigras 40 1 2 2
4 vs 4 Forward
Center Wing Time % Phy DF OF
1 Mark Jankowski Nail Yakupov 60 1 2 2
2 Frederik Gauthier Mark Jankowski 40 1 2 2
4 vs 4 Defense
Defense Defense Time % Phy DF OF
1 Carl Gunnarsson Erik Cernak 60 1 2 2
2 Zac Leslie Eric Gustafsson 40 1 2 2
Last Minutes Offensive
Center Left Wing Right Wing Defense Defense
Frederik Gauthier Anton Slepyshev Nail Yakupov Carl Gunnarsson Eric Gustafsson
Last Minutes Defensive
Center Left Wing Right Wing Defense Defense
Frederik Gauthier Anton Slepyshev Nail Yakupov Carl Gunnarsson Eric Gustafsson
Goaltenders
Starting : Mackenzie Blackwood
Backup : Mark Visentin
Extra Forwards
Normal : Louis Leblanc, Daniel Zaar, Alex Tuch - PP : Louis Leblanc, Daniel Zaar - PK : Alex Tuch
Extra Defensemen
Normal : Chris Bigras, Brett Lernout, Zac Leslie - PP : Chris Bigras - PK : Marc-André Bourdon, Zac Leslie
Penalty Shots
Louis Leblanc, Nail Yakupov, Frederik Gauthier, Mark Jankowski, Anton Slepyshev
Scratches
Emil Djuse (Healthy), Jacob Larsson (Healthy), Nick Merkley (Healthy), Cole Cassels (Healthy), Jordan Subban (Healthy)
Jeremy Gregoire (Healthy), Remi Elie (Healthy), Gustav Olofsson (Healthy), Adam Erne (Healthy), Brett Ritchie (Healthy)
Tyler Bozak (Healthy), Anders Bjork (Healthy), Hunter Smith (Healthy), Mike Smith (Healthy), Jack Campbell (Healthy)
Carnivores
5 vs 5 Forward
Center Left Wing Right Wing Time % Phy DF OF
1 Scott Laughton Nicolas Kerdiles Joel Armia 40 1 2 2
2 Anton Gustafsson Blake Geoffrion Chris Lawrence 30 1 2 2
3 Markus Granlund Hunter Shinkaruk Mark McNeill 20 1 2 2
4 Lucas Wallmark Nicolas Deslauriers Brett Connolly 10 1 2 2
5 vs 5 Defense
Defense Defense Time % Phy DF OF
1 Mat Clark Josh Morrissey 40 1 2 2
2 T.J Brodie Travis Dermott 30 1 2 2
3 Andreas Englund Mattias Backman 20 1 2 2
4 Carl Dahlstrom Trevor Van Riemsdyk 10 1 2 2
PowerPlay Forward
Center Left Wing Right Wing Time % Phy DF OF
1 Scott Laughton Nicolas Kerdiles Joel Armia 60 1 1 3
2 Anton Gustafsson Blake Geoffrion Chris Lawrence 40 1 1 3
PowerPlay Defense
Defense Defense Time % Phy DF OF
1 Mat Clark Josh Morrissey 60 1 1 3
2 T.J Brodie Andreas Englund 40 1 1 3
Penalty Kill 4 Players Forward
Center Wing Time % Phy DF OF
1 Anton Gustafsson Nicolas Kerdiles 60 1 2 2
2 Markus Granlund Nicolas Deslauriers 40 1 2 2
Penalty Kill 4 Players Defense
Defense Defense Time % Phy DF OF
1 Mat Clark Josh Morrissey 60 1 3 1
2 Andreas Englund T.J Brodie 40 1 3 1
Penalty Kill - 3 Players Forward
Forward Time % Phy DF OF
1 Anton Gustafsson 60 1 3 1
2 Mark McNeill 40 1 3 1
Penalty Kill - 3 Players Defense
Defense Defense Time % Phy DF OF
1 Mat Clark Josh Morrissey 60 1 3 1
2 Andreas Englund T.J Brodie 40 1 3 1
4 vs 4 Forward
Center Wing Time % Phy DF OF
1 Scott Laughton Nicolas Kerdiles 60 1 2 2
2 Markus Granlund Blake Geoffrion 40 1 2 2
4 vs 4 Defense
Defense Defense Time % Phy DF OF
1 Mat Clark Josh Morrissey 60 1 2 2
2 T.J Brodie Travis Dermott 40 1 2 2
Last Minutes Offensive
Center Left Wing Right Wing Defense Defense
Scott Laughton Nicolas Kerdiles Joel Armia Mat Clark Josh Morrissey
Last Minutes Defensive
Center Left Wing Right Wing Defense Defense
Markus Granlund Nicolas Kerdiles Mark McNeill Mat Clark Josh Morrissey
Goaltenders
Starting : Niklas Svedberg
Backup : Tristan Jarry
Extra Forwards
Normal : Riley Barber, Markus Granlund, Mark McNeill - PP : Riley Barber, Hunter Shinkaruk - PK : Riley Barber
Extra Defensemen
Normal : Mattias Backman, Andreas Englund, Trevor Van Riemsdyk - PP : Mattias Backman - PK : Mattias Backman, Carl Dahlstrom
Penalty Shots
Blake Geoffrion, Anton Gustafsson, Markus Granlund, Scott Laughton, Joel Armia
Scratches
Ryan Olsen (Healthy), Freddie Hamilton (Healthy), Adam Almquist (Healthy), Sergei Zborovskiy (Healthy), Filip Chlapik (Healthy)
Stanislav Galiev (Healthy), Mark MacMillan (Healthy), Troy Bourke (Healthy), Alexandre Mallet (Healthy), Christian Djoos (Back Spasms Injury)
Josh Wesley (Healthy), Linus Ullmark (Healthy), Felix Sanstrom (Healthy)
% Time on Ice - Condors
Lines # - Real PCT - Wanted PCT - Time Play
Normal Forward
1 - 30% - 40% - 11:49
2 - 25% - 30% - 10:08
3 - 29% - 20% - 11:24
4 - 17% - 10% - 6:38
Normal Defense
1 - 41% - 40% - 16:17
2 - 36% - 30% - 14:21
3 - 21% - 20% - 8:22
4 - 2% - 10% - 0:59
PP Forward
1 - 57% - 60% - 9:07
2 - 43% - 40% - 6:56
PP Defense
1 - 63% - 60% - 10:11
2 - 37% - 40% - 5:52
PK Forward
1 - 66% - 60% - 1:59
2 - 34% - 40% - 1:01
PK Defense
1 - 69% - 60% - 2:05
2 - 31% - 40% - 0:55
PK3 Forward
1 - 0% - 60%
2 - 0% - 40%
PK3 Defense
1 - 0% - 60%
2 - 0% - 40%
44 Forward
1 - 100% - 60% - 0:58
2 - 0% - 40% - 0:00
44 Defense
1 - 66% - 60% - 0:38
2 - 34% - 40% - 0:20
Last Minute Offensive - 0:00
Last Minute Defensive - 0:00
Total
Forward - 60:00
Defense - 60:00
|
% Time on Ice - Carnivores
Lines # - Real PCT - Wanted PCT - Time Play
Normal Forward
1 - 33% - 40% - 13:13
2 - 28% - 30% - 11:03
3 - 25% - 20% - 9:54
4 - 15% - 10% - 5:49
Normal Defense
1 - 43% - 40% - 17:00
2 - 28% - 30% - 11:22
3 - 18% - 20% - 7:15
4 - 11% - 10% - 4:22
PP Forward
1 - 71% - 60% - 2:07
2 - 29% - 40% - 0:53
PP Defense
1 - 84% - 60% - 2:32
2 - 16% - 40% - 0:28
PK Forward
1 - 75% - 60% - 11:58
2 - 25% - 40% - 4:05
PK Defense
1 - 57% - 60% - 9:13
2 - 43% - 40% - 6:50
PK3 Forward
1 - 0% - 60%
2 - 0% - 40%
PK3 Defense
1 - 0% - 60%
2 - 0% - 40%
44 Forward
1 - 67% - 60% - 0:39
2 - 33% - 40% - 0:19
44 Defense
1 - 50% - 60% - 0:29
2 - 50% - 40% - 0:29
Last Minute Offensive - 0:00
Last Minute Defensive - 0:00
Total
Forward - 60:00
Defense - 60:00
|
Play-by-Play
1st period
0:01 of 1st period - Mark Jankowski wins face-off versus Scott Laughton in neutral zone.
0:06 of 1st period - Wrist shot by Joel Armia.
0:06 of 1st period - Deflect By Scott Laughton.
0:06 of 1st period - Shot Blocked by Carl Gunnarsson.
0:06 of 1st period - Puck is out of play.
0:07 of 1st period - Scott Laughton wins face-off versus Mark Jankowski in Condors zone.
0:28 of 1st period - Minor Penalty to Andrew Mangiapane for Holding.
0:29 of 1st period - Scott Laughton wins face-off versus Mark Jankowski in Condors zone.
0:38 of 1st period - Snap shot by Nicolas Kerdiles.
0:38 of 1st period - Deflect By Scott Laughton.
0:38 of 1st period - Shot Misses the Net.
0:38 of 1st period - Puck is out of play.
0:39 of 1st period - Mark Jankowski wins face-off versus Scott Laughton in Condors zone.
0:59 of 1st period - Wrist shot by Nicolas Kerdiles.
0:59 of 1st period - Shot Misses the Net.
1:01 of 1st period - Slapshot by Mat Clark.
1:01 of 1st period - Shot Blocked by Carl Gunnarsson.
1:19 of 1st period - Wrist shot by Frederik Gauthier.
1:19 of 1st period - Shot Misses the Net.
1:51 of 1st period - Slapshot by Scott Laughton.
1:51 of 1st period - Stopped by Mackenzie Blackwood with a rebound.
1:53 of 1st period - Snap shot by Joel Armia.
1:53 of 1st period - Shot Blocked by Chris Bigras.
1:57 of 1st period - Wrist shot by Nicolas Kerdiles.
1:57 of 1st period - Stopped by Mackenzie Blackwood with a rebound.
1:59 of 1st period - Slapshot by Scott Laughton.
1:59 of 1st period - Stopped by Mackenzie Blackwood without a rebound.
2:00 of 1st period - Alex Tuch wins face-off versus Anton Gustafsson in Condors zone.
2:28 of 1st period - Penalty to Andrew Mangiapane is over, Andrew Mangiapane is back on ice.
3:15 of 1st period - Alex Tuch is hit by Mark McNeill and loses puck.
3:34 of 1st period - Slapshot by Nail Yakupov.
3:34 of 1st period - Shot Blocked by Trevor Van Riemsdyk.
3:36 of 1st period - Minor Penalty to Nicolas Deslauriers for Roughing.
3:37 of 1st period - Anton Gustafsson wins face-off versus Frederik Gauthier in Carnivores zone.
4:29 of 1st period - Icing by Alex Tuch.
4:30 of 1st period - Anton Gustafsson wins face-off versus Frederik Gauthier in Condors zone.
4:41 of 1st period - Slapshot by Frederik Gauthier.
4:41 of 1st period - Shot Misses the Net.
4:43 of 1st period - Slapshot by Carl Gunnarsson.
4:43 of 1st period - Shot Misses the Net.
4:45 of 1st period - Slapshot by Frederik Gauthier.
4:45 of 1st period - Goal by Frederik Gauthier - Condors : 1 - Carnivores : 0.
4:46 of 1st period - Scott Laughton wins face-off versus Frederik Gauthier in neutral zone.
4:49 of 1st period - Snap shot by Joel Armia.
4:49 of 1st period - Deflect By Nicolas Kerdiles.
4:49 of 1st period - Shot Misses the Net.
4:49 of 1st period - Puck is out of play.
4:50 of 1st period - Frederik Gauthier wins face-off versus Scott Laughton in Condors zone.
4:55 of 1st period - Snap shot by Nail Yakupov.
4:55 of 1st period - Shot Misses the Net.
5:17 of 1st period - Snap shot by Mark Jankowski.
5:17 of 1st period - Stopped by Niklas Svedberg without a rebound.
5:18 of 1st period - Mark Jankowski wins face-off versus Anton Gustafsson in Carnivores zone.
5:19 of 1st period - Slapshot by Alex Tuch.
5:19 of 1st period - Deflect By Mark Jankowski.
5:19 of 1st period - Shot Blocked by Chris Lawrence.
5:19 of 1st period - Puck is out of play.
5:20 of 1st period - Mark Jankowski wins face-off versus Scott Laughton in Carnivores zone.
5:23 of 1st period - Wrist shot by Mark Jankowski.
5:23 of 1st period - Shot Blocked by T.J Brodie.
5:35 of 1st period - Slapshot by Nicolas Kerdiles.
5:35 of 1st period - Shot Blocked by Andrew Mangiapane.
6:06 of 1st period - Josh Morrissey is hit by Louis Leblanc and loses puck.
6:51 of 1st period - Scott Laughton is hit by Erik Cernak.
7:01 of 1st period - Slapshot by Anton Gustafsson.
7:01 of 1st period - Stopped by Mackenzie Blackwood with a rebound.
7:32 of 1st period - Slapshot by Markus Granlund.
7:32 of 1st period - Stopped by Mackenzie Blackwood with a rebound.
7:47 of 1st period - Off-side.
7:48 of 1st period - Scott Laughton wins face-off versus Connor Hurley in neutral zone.
7:51 of 1st period - Wrist shot by Joel Armia.
7:51 of 1st period - Shot Misses the Net.
7:59 of 1st period - Slapshot by Mikko Lehtonen.
7:59 of 1st period - Stopped by Niklas Svedberg without a rebound.
8:00 of 1st period - Scott Laughton wins face-off versus Mark Jankowski in Carnivores zone.
8:35 of 1st period - Slapshot by Anton Slepyshev.
8:35 of 1st period - Shot Misses the Net.
9:29 of 1st period - Snap shot by Mikko Lehtonen.
9:29 of 1st period - Shot Misses the Net.
9:55 of 1st period - Snap shot by Anton Slepyshev.
9:55 of 1st period - Shot Misses the Net.
10:09 of 1st period - Blake Geoffrion is hit by Louis Leblanc and loses puck.
10:44 of 1st period - Minor Penalty to Blake Geoffrion for Hooking.
10:45 of 1st period - Anton Gustafsson wins face-off versus Frederik Gauthier in Carnivores zone.
10:53 of 1st period - Icing by Anton Slepyshev.
10:54 of 1st period - Frederik Gauthier wins face-off versus Riley Barber in Condors zone.
11:03 of 1st period - Snap shot by Alex Tuch.
11:03 of 1st period - Stopped by Niklas Svedberg without a rebound.
11:04 of 1st period - Anton Slepyshev wins face-off versus Anton Gustafsson in Carnivores zone.
11:07 of 1st period - Wrist shot by Anton Slepyshev.
11:07 of 1st period - Shot Blocked by Nicolas Kerdiles.
11:09 of 1st period - Wrist shot by Frederik Gauthier.
11:09 of 1st period - Shot Misses the Net.
11:11 of 1st period - Wrist shot by Frederik Gauthier.
11:11 of 1st period - Stopped by Niklas Svedberg without a rebound.
11:12 of 1st period - Frederik Gauthier wins face-off versus Anton Gustafsson in Carnivores zone.
11:43 of 1st period - Snap shot by Mark Jankowski.
11:43 of 1st period - Shot Blocked by Markus Granlund.
12:44 of 1st period - Penalty to Blake Geoffrion is over, Blake Geoffrion is back on ice.
13:25 of 1st period - Slapshot by Scott Laughton.
13:25 of 1st period - Shot Misses the Net.
13:50 of 1st period - Mark Jankowski is hit by Josh Morrissey and loses puck.
14:00 of 1st period - Icing by Anton Gustafsson.
14:01 of 1st period - Scott Laughton wins face-off versus Frederik Gauthier in Carnivores zone.
14:08 of 1st period - Nicolas Kerdiles is hit by Nail Yakupov.
14:22 of 1st period - Andreas Englund is hit by Andrew Mangiapane and loses puck.
14:29 of 1st period - Slapshot by Eric Gustafsson.
14:29 of 1st period - Shot Blocked by Andreas Englund.
14:31 of 1st period - Snap shot by Zac Leslie.
14:31 of 1st period - Stopped by Niklas Svedberg with a rebound.
14:33 of 1st period - Snap shot by Zac Leslie.
14:33 of 1st period - Stopped by Niklas Svedberg without a rebound.
14:34 of 1st period - Frederik Gauthier wins face-off versus Anton Gustafsson in Carnivores zone.
14:35 of 1st period - Wrist shot by Nail Yakupov.
14:35 of 1st period - Deflect By Anton Slepyshev.
14:35 of 1st period - Shot Blocked by Mat Clark.
14:35 of 1st period - Puck is out of play.
14:36 of 1st period - Anton Gustafsson wins face-off versus Frederik Gauthier in Carnivores zone.
14:50 of 1st period - Wrist shot by Chris Lawrence.
14:50 of 1st period - Stopped by Mackenzie Blackwood without a rebound.
14:51 of 1st period - Scott Laughton wins face-off versus Mark Jankowski in Condors zone.
14:56 of 1st period - Snap shot by Joel Armia.
14:56 of 1st period - Shot Misses the Net.
15:38 of 1st period - Icing by Marc-André Bourdon.
15:39 of 1st period - Louis Leblanc wins face-off versus Markus Granlund in Condors zone.
15:54 of 1st period - Snap shot by Mark McNeill.
15:54 of 1st period - Stopped by Mackenzie Blackwood with a rebound.
16:10 of 1st period - Minor Penalty to Nicolas Kerdiles for Slashing.
16:11 of 1st period - Anton Gustafsson wins face-off versus Anton Slepyshev in Carnivores zone.
16:35 of 1st period - Mat Clark is hit by Carl Gunnarsson and loses puck.
16:50 of 1st period - Snap shot by Anton Slepyshev.
16:50 of 1st period - Stopped by Niklas Svedberg without a rebound.
16:51 of 1st period - Mark Jankowski wins face-off versus Scott Laughton in Carnivores zone.
17:02 of 1st period - Slapshot by Eric Gustafsson.
17:02 of 1st period - Deflect By Nicolas Deslauriers.
17:02 of 1st period - Stopped by Niklas Svedberg with a rebound.
17:04 of 1st period - Snap shot by Mark Jankowski.
17:04 of 1st period - Stopped by Niklas Svedberg with a rebound.
17:06 of 1st period - Wrist shot by Mark Jankowski.
17:06 of 1st period - Shot Blocked by Andreas Englund.
17:19 of 1st period - Icing by Frederik Gauthier.
17:20 of 1st period - Frederik Gauthier wins face-off versus Anton Gustafsson in Condors zone.
17:46 of 1st period - Mat Clark is hit by Carl Gunnarsson and loses puck.
18:01 of 1st period - Slapshot by Markus Granlund.
18:01 of 1st period - Stopped by Mackenzie Blackwood with a rebound.
18:10 of 1st period - Penalty to Nicolas Kerdiles is over, Nicolas Kerdiles is back on ice.
18:21 of 1st period - Slapshot by Scott Laughton.
18:21 of 1st period - Stopped by Mackenzie Blackwood with a rebound.
19:04 of 1st period - Wrist shot by Blake Geoffrion.
19:04 of 1st period - Shot Misses the Net.
19:17 of 1st period - Icing by Anton Slepyshev.
19:18 of 1st period - Lucas Wallmark wins face-off versus Mark Jankowski in Condors zone.
19:27 of 1st period - Slapshot by Brett Connolly.
19:27 of 1st period - Stopped by Mackenzie Blackwood without a rebound.
19:28 of 1st period - Scott Laughton wins face-off versus Mark Jankowski in Condors zone.
19:31 of 1st period - Wrist shot by Nicolas Kerdiles.
19:31 of 1st period - Shot Blocked by Zac Leslie.
19:41 of 1st period - Wrist shot by Mark Jankowski.
19:41 of 1st period - Stopped by Niklas Svedberg with a rebound.
19:43 of 1st period - Wrist shot by Zac Leslie.
19:43 of 1st period - Shot Blocked by T.J Brodie.
19:53 of 1st period - Zac Leslie is hit by Travis Dermott and loses puck.
Goals for this period are 1 for Condors vs 0 for Carnivores.
Shots for this period are 11 for Condors vs 10 for Carnivores.
2nd period
0:01 of 2nd period - Mark Jankowski wins face-off versus Scott Laughton in neutral zone.
0:14 of 2nd period - Mark Jankowski is hit by Mat Clark and loses puck.
0:25 of 2nd period - Blake Geoffrion is hit by Carl Gunnarsson and loses puck.
0:34 of 2nd period - Slapshot by Blake Geoffrion.
0:34 of 2nd period - Stopped by Mackenzie Blackwood without a rebound.
0:35 of 2nd period - Scott Laughton wins face-off versus Frederik Gauthier in Condors zone.
1:01 of 2nd period - Travis Dermott is hit by Mark Jankowski and loses puck.
1:45 of 2nd period - Icing by Josh Morrissey.
1:46 of 2nd period - Mikko Lehtonen wins face-off versus Lucas Wallmark in Carnivores zone.
2:09 of 2nd period - Snap shot by Brett Connolly.
2:09 of 2nd period - Shot Misses the Net.
2:11 of 2nd period - Snap shot by Nicolas Deslauriers.
2:11 of 2nd period - Shot Misses the Net.
2:13 of 2nd period - Slapshot by Josh Morrissey.
2:13 of 2nd period - Shot Blocked by Carl Gunnarsson.
2:15 of 2nd period - Slapshot by Josh Morrissey.
2:15 of 2nd period - Deflect By Eric Gustafsson.
2:15 of 2nd period - Stopped by Mackenzie Blackwood with a rebound.
2:27 of 2nd period - Snap shot by Nicolas Deslauriers.
2:27 of 2nd period - Stopped by Mackenzie Blackwood with a rebound.
2:29 of 2nd period - Slapshot by Mat Clark.
2:29 of 2nd period - Shot Misses the Net.
2:31 of 2nd period - Slapshot by Josh Morrissey.
2:31 of 2nd period - Stopped by Mackenzie Blackwood without a rebound.
2:32 of 2nd period - Mark Jankowski wins face-off versus Scott Laughton in Condors zone.
3:06 of 2nd period - Snap shot by Anton Slepyshev.
3:06 of 2nd period - Stopped by Niklas Svedberg with a rebound.
3:08 of 2nd period - Wrist shot by Nail Yakupov.
3:08 of 2nd period - Shot Blocked by Chris Lawrence.
3:44 of 2nd period - Snap shot by Nicolas Kerdiles.
3:44 of 2nd period - Stopped by Mackenzie Blackwood with a rebound.
3:49 of 2nd period - Minor Penalty to Louis Leblanc for Holding.
3:50 of 2nd period - Scott Laughton wins face-off versus Mark Jankowski in Condors zone.
4:06 of 2nd period - Snap shot by Joel Armia.
4:06 of 2nd period - Stopped by Mackenzie Blackwood without a rebound.
4:07 of 2nd period - Mark Jankowski wins face-off versus Anton Gustafsson in Condors zone.
4:50 of 2nd period - Minor Penalty to Blake Geoffrion for Interference.
4:51 of 2nd period - Mark Jankowski wins face-off versus Scott Laughton in Carnivores zone.
5:04 of 2nd period - Mark Jankowski is hit by T.J Brodie and loses puck.
5:23 of 2nd period - Erik Cernak is hit by Nicolas Kerdiles.
5:45 of 2nd period - Slapshot by Mat Clark.
5:45 of 2nd period - Shot Blocked by Zac Leslie.
5:49 of 2nd period - Penalty to Louis Leblanc is over, Louis Leblanc is back on ice.
6:01 of 2nd period - Wrist shot by Frederik Gauthier.
6:01 of 2nd period - Shot Blocked by Anton Gustafsson.
6:50 of 2nd period - Penalty to Blake Geoffrion is over, Blake Geoffrion is back on ice.
7:02 of 2nd period - Anton Gustafsson is hit by C.J Suess and loses puck.
7:17 of 2nd period - Wrist shot by Blake Geoffrion.
7:17 of 2nd period - Stopped by Mackenzie Blackwood with a rebound.
7:19 of 2nd period - Snap shot by Nicolas Kerdiles.
7:19 of 2nd period - Shot Misses the Net.
7:21 of 2nd period - Wrist shot by Anton Gustafsson.
7:21 of 2nd period - Stopped by Mackenzie Blackwood without a rebound.
7:22 of 2nd period - Louis Leblanc wins face-off versus Markus Granlund in Condors zone.
7:22 of 2nd period - Louis Leblanc is hit by Mark McNeill.
7:30 of 2nd period - Daniel Zaar is hit by Hunter Shinkaruk and loses puck.
7:48 of 2nd period - Christian Thomas is hit by Lucas Wallmark and loses puck.
7:57 of 2nd period - Snap shot by Daniel Zaar.
7:57 of 2nd period - Shot Misses the Net.
7:59 of 2nd period - Wrist shot by Louis Leblanc.
7:59 of 2nd period - Stopped by Niklas Svedberg with a rebound.
8:01 of 2nd period - Slapshot by Zac Leslie.
8:01 of 2nd period - Stopped by Niklas Svedberg with a rebound.
8:03 of 2nd period - Slapshot by Marc-André Bourdon.
8:03 of 2nd period - Deflect By Louis Leblanc.
8:03 of 2nd period - Shot Misses the Net.
8:03 of 2nd period - Puck is out of play.
8:04 of 2nd period - Mark Jankowski wins face-off versus Markus Granlund in Carnivores zone.
8:19 of 2nd period - Slapshot by Josh Morrissey.
8:19 of 2nd period - Goal by Josh Morrissey - Condors : 1 - Carnivores : 1.
8:20 of 2nd period - Mark Jankowski wins face-off versus Scott Laughton in neutral zone.
8:29 of 2nd period - Wrist shot by Mark Jankowski.
8:29 of 2nd period - Shot Misses the Net.
8:31 of 2nd period - Slapshot by Alex Tuch.
8:31 of 2nd period - Shot Misses the Net.
8:33 of 2nd period - Snap shot by Carl Gunnarsson.
8:33 of 2nd period - Stopped by Niklas Svedberg with a rebound.
8:35 of 2nd period - Slapshot by Carl Gunnarsson.
8:35 of 2nd period - Shot Misses the Net.
8:45 of 2nd period - Chris Lawrence is hit by Eric Gustafsson and loses puck.
8:54 of 2nd period - Snap shot by Anton Gustafsson.
8:54 of 2nd period - Shot Misses the Net.
8:56 of 2nd period - Wrist shot by Anton Gustafsson.
8:56 of 2nd period - Stopped by Mackenzie Blackwood without a rebound.
8:57 of 2nd period - Scott Laughton wins face-off versus Mark Jankowski in Condors zone.
9:43 of 2nd period - Christian Thomas is hit by Mark McNeill and loses puck.
10:10 of 2nd period - Slapshot by T.J Brodie.
10:10 of 2nd period - Stopped by Mackenzie Blackwood with a rebound.
10:12 of 2nd period - Slapshot by T.J Brodie.
10:12 of 2nd period - Shot Misses the Net.
10:24 of 2nd period - Slapshot by Eric Gustafsson.
10:24 of 2nd period - Stopped by Niklas Svedberg with a rebound.
10:32 of 2nd period - Snap shot by Nicolas Kerdiles.
10:32 of 2nd period - Deflect By Scott Laughton.
10:32 of 2nd period - Shot Misses the Net.
10:32 of 2nd period - Puck is out of play.
10:33 of 2nd period - Anton Gustafsson wins face-off versus Frederik Gauthier in Condors zone.
10:34 of 2nd period - Wrist shot by Blake Geoffrion.
10:34 of 2nd period - Stopped by Mackenzie Blackwood without a rebound.
10:35 of 2nd period - Frederik Gauthier wins face-off versus Anton Gustafsson in Condors zone.
11:01 of 2nd period - Anton Gustafsson is hit by Marc-André Bourdon.
11:13 of 2nd period - Anton Gustafsson is hit by Nail Yakupov.
12:12 of 2nd period - Minor Penalty to Blake Geoffrion for Hooking.
12:13 of 2nd period - Mark Jankowski wins face-off versus Markus Granlund in Carnivores zone.
12:19 of 2nd period - Snap shot by Louis Leblanc.
12:19 of 2nd period - Stopped by Niklas Svedberg without a rebound.
12:20 of 2nd period - Markus Granlund wins face-off versus Mark Jankowski in Carnivores zone.
14:12 of 2nd period - Penalty to Blake Geoffrion is over, Blake Geoffrion is back on ice.
14:51 of 2nd period - Trevor Van Riemsdyk is hit by Daniel Zaar and loses puck.
15:10 of 2nd period - Wrist shot by Mark McNeill.
15:10 of 2nd period - Deflect By Scott Laughton.
15:10 of 2nd period - Stopped by Mackenzie Blackwood without a rebound.
15:11 of 2nd period - Anton Gustafsson wins face-off versus Louis Leblanc in Condors zone.
15:14 of 2nd period - Slapshot by Anton Gustafsson.
15:14 of 2nd period - Shot Misses the Net.
15:16 of 2nd period - Wrist shot by Chris Lawrence.
15:16 of 2nd period - Shot Blocked by Erik Cernak.
15:36 of 2nd period - Erik Cernak is hit by Nicolas Deslauriers and loses puck.
15:51 of 2nd period - Minor Penalty to Andreas Englund for Hooking.
15:52 of 2nd period - Anton Gustafsson wins face-off versus Frederik Gauthier in Carnivores zone.
16:17 of 2nd period - Anton Gustafsson is hit by Andrew Mangiapane and loses puck.
17:51 of 2nd period - Penalty to Andreas Englund is over, Andreas Englund is back on ice.
18:38 of 2nd period - Chris Bigras is hit by Nicolas Kerdiles and loses puck.
19:05 of 2nd period - Mark Jankowski is hit by Josh Morrissey and loses puck.
Goals for this period are 0 for Condors vs 1 for Carnivores.
Shots for this period are 6 for Condors vs 13 for Carnivores.
3rd period
0:01 of 3rd period - Scott Laughton wins face-off versus Mark Jankowski in neutral zone.
0:10 of 3rd period - Slapshot by Joel Armia.
0:10 of 3rd period - Stopped by Mackenzie Blackwood with a rebound.
0:34 of 3rd period - Snap shot by Blake Geoffrion.
0:34 of 3rd period - Shot Blocked by Eric Gustafsson.
0:36 of 3rd period - Slapshot by Mat Clark.
0:36 of 3rd period - Shot Blocked by Frederik Gauthier.
0:52 of 3rd period - Snap shot by Mark McNeill.
0:52 of 3rd period - Shot Misses the Net.
1:00 of 3rd period - Travis Dermott is hit by Daniel Zaar and loses puck.
1:10 of 3rd period - Icing by Christian Thomas.
1:11 of 3rd period - Scott Laughton wins face-off versus Mark Jankowski in Condors zone.
1:14 of 3rd period - Wrist shot by Nicolas Kerdiles.
1:14 of 3rd period - Stopped by Mackenzie Blackwood without a rebound.
1:15 of 3rd period - Scott Laughton wins face-off versus Mark Jankowski in Condors zone.
1:16 of 3rd period - Wrist shot by Joel Armia.
1:16 of 3rd period - Stopped by Mackenzie Blackwood without a rebound.
1:17 of 3rd period - Scott Laughton wins face-off versus Mark Jankowski in Condors zone.
1:22 of 3rd period - Wrist shot by Joel Armia.
1:22 of 3rd period - Shot Blocked by Andrew Mangiapane.
1:32 of 3rd period - Snap shot by Mark Jankowski.
1:32 of 3rd period - Shot Misses the Net.
1:34 of 3rd period - Backhand shot by Marc-André Bourdon.
1:34 of 3rd period - Stopped by Niklas Svedberg with a rebound.
1:36 of 3rd period - Slapshot by Marc-André Bourdon.
1:36 of 3rd period - Shot Blocked by Nicolas Kerdiles.
1:38 of 3rd period - Slapshot by Zac Leslie.
1:38 of 3rd period - Shot Blocked by Andreas Englund.
1:40 of 3rd period - Slapshot by Marc-André Bourdon.
1:40 of 3rd period - Shot Misses the Net.
1:42 of 3rd period - Slapshot by Marc-André Bourdon.
1:42 of 3rd period - Deflect By Andrew Mangiapane.
1:42 of 3rd period - Shot Misses the Net.
1:42 of 3rd period - Puck is out of play.
1:43 of 3rd period - Anton Gustafsson wins face-off versus Anton Slepyshev in Carnivores zone.
2:12 of 3rd period - Snap shot by Daniel Zaar.
2:12 of 3rd period - Shot Blocked by Mark McNeill.
2:14 of 3rd period - Snap shot by Christian Thomas.
2:14 of 3rd period - Stopped by Niklas Svedberg with a rebound.
2:19 of 3rd period - Minor Penalty to T.J Brodie for Holding.
2:20 of 3rd period - Frederik Gauthier wins face-off versus Nicolas Kerdiles in Carnivores zone.
2:46 of 3rd period - Nicolas Kerdiles is hit by Andrew Mangiapane and loses puck.
3:09 of 3rd period - Markus Granlund is hit by Anton Slepyshev and loses puck.
4:19 of 3rd period - Penalty to T.J Brodie is over, T.J Brodie is back on ice.
4:28 of 3rd period - Wrist shot by Mikko Lehtonen.
4:28 of 3rd period - Shot Misses the Net.
4:30 of 3rd period - Wrist shot by Mikko Lehtonen.
4:30 of 3rd period - Shot Misses the Net.
4:32 of 3rd period - Wrist shot by Mikko Lehtonen.
4:32 of 3rd period - Goal by Mikko Lehtonen - Condors : 2 - Carnivores : 1.
4:33 of 3rd period - Scott Laughton wins face-off versus Louis Leblanc in neutral zone.
5:44 of 3rd period - Slapshot by Eric Gustafsson.
5:44 of 3rd period - Stopped by Niklas Svedberg with a rebound.
6:42 of 3rd period - Wrist shot by Markus Granlund.
6:42 of 3rd period - Stopped by Mackenzie Blackwood with a rebound.
6:44 of 3rd period - Wrist shot by Hunter Shinkaruk.
6:44 of 3rd period - Stopped by Mackenzie Blackwood with a rebound.
6:46 of 3rd period - Snap shot by Hunter Shinkaruk.
6:46 of 3rd period - Stopped by Mackenzie Blackwood with a rebound.
6:48 of 3rd period - Slapshot by Josh Morrissey.
6:48 of 3rd period - Stopped by Mackenzie Blackwood with a rebound.
6:50 of 3rd period - Slapshot by Josh Morrissey.
6:50 of 3rd period - Deflect By Markus Granlund.
6:50 of 3rd period - Shot Blocked by Anton Slepyshev.
6:50 of 3rd period - Puck is out of play.
6:51 of 3rd period - Scott Laughton wins face-off versus Mark Jankowski in Condors zone.
7:05 of 3rd period - Minor Penalty to Nicolas Kerdiles for Slashing.
7:06 of 3rd period - Anton Gustafsson wins face-off versus Frederik Gauthier in Carnivores zone.
7:06 of 3rd period - Anton Gustafsson is hit by Frederik Gauthier.
7:19 of 3rd period - Snap shot by Frederik Gauthier.
7:19 of 3rd period - Shot Misses the Net.
8:22 of 3rd period - Josh Morrissey is hit by Anton Slepyshev and loses puck.
9:05 of 3rd period - Penalty to Nicolas Kerdiles is over, Nicolas Kerdiles is back on ice.
9:21 of 3rd period - Chris Lawrence is hit by C.J Suess and loses puck.
9:38 of 3rd period - Chris Bigras is hit by Scott Laughton and loses puck.
9:49 of 3rd period - Slapshot by Travis Dermott.
9:49 of 3rd period - Stopped by Mackenzie Blackwood with a rebound.
9:57 of 3rd period - Markus Granlund is hit by Mikko Lehtonen and loses puck.
10:31 of 3rd period - T.J Brodie is hit by Marc-André Bourdon and loses puck.
10:42 of 3rd period - Blake Geoffrion is hit by Andrew Mangiapane and loses puck.
12:28 of 3rd period - Wrist shot by Nicolas Deslauriers.
12:28 of 3rd period - Shot Misses the Net.
12:30 of 3rd period - Snap shot by Nicolas Deslauriers.
12:30 of 3rd period - Shot Blocked by Marc-André Bourdon.
12:32 of 3rd period - Slapshot by Carl Dahlstrom.
12:32 of 3rd period - Stopped by Mackenzie Blackwood without a rebound.
12:33 of 3rd period - Nicolas Deslauriers wins face-off versus Frederik Gauthier in Condors zone.
12:34 of 3rd period - Wrist shot by Lucas Wallmark.
12:34 of 3rd period - Goal by Lucas Wallmark - Condors : 2 - Carnivores : 2.
12:35 of 3rd period - Mark Jankowski wins face-off versus Nicolas Kerdiles in neutral zone.
13:45 of 3rd period - Josh Morrissey is hit by Zac Leslie and loses puck.
13:52 of 3rd period - Wrist shot by Christian Thomas.
13:52 of 3rd period - Stopped by Niklas Svedberg with a rebound.
13:54 of 3rd period - Snap shot by Daniel Zaar.
13:54 of 3rd period - Shot Misses the Net.
13:56 of 3rd period - Slapshot by Marc-André Bourdon.
13:56 of 3rd period - Shot Blocked by Mat Clark.
13:58 of 3rd period - Snap shot by Daniel Zaar.
13:58 of 3rd period - Stopped by Niklas Svedberg with a rebound.
14:00 of 3rd period - Slapshot by Marc-André Bourdon.
14:00 of 3rd period - Deflect By Christian Thomas.
14:00 of 3rd period - Goal by Christian Thomas - Condors : 3 - Carnivores : 2.
14:01 of 3rd period - Scott Laughton wins face-off versus Mark Jankowski in neutral zone.
14:26 of 3rd period - Blake Geoffrion is hit by Eric Gustafsson and loses puck.
14:47 of 3rd period - Wrist shot by Daniel Zaar.
14:47 of 3rd period - Stopped by Niklas Svedberg without a rebound.
14:48 of 3rd period - Hunter Shinkaruk wins face-off versus Louis Leblanc in Carnivores zone.
15:03 of 3rd period - Snap shot by Mark McNeill.
15:03 of 3rd period - Stopped by Mackenzie Blackwood with a rebound.
15:25 of 3rd period - Slapshot by Marc-André Bourdon.
15:25 of 3rd period - Shot Misses the Net.
15:27 of 3rd period - Slapshot by Marc-André Bourdon.
15:27 of 3rd period - Shot Blocked by Mat Clark.
15:33 of 3rd period - Snap shot by Christian Thomas.
15:33 of 3rd period - Shot Misses the Net.
15:35 of 3rd period - Slapshot by Zac Leslie.
15:35 of 3rd period - Shot Blocked by Josh Morrissey.
15:37 of 3rd period - Slapshot by Daniel Zaar.
15:37 of 3rd period - Goal by Daniel Zaar - Condors : 4 - Carnivores : 2.
15:38 of 3rd period - Scott Laughton wins face-off versus Mark Jankowski in neutral zone.
15:41 of 3rd period - Eric Gustafsson is hit by Nicolas Kerdiles and loses puck.
16:03 of 3rd period - Blake Geoffrion is hit by Frederik Gauthier and loses puck.
16:12 of 3rd period - Wrist shot by Frederik Gauthier.
16:12 of 3rd period - Stopped by Niklas Svedberg without a rebound.
16:13 of 3rd period - Markus Granlund wins face-off versus Mark Jankowski in Carnivores zone.
16:44 of 3rd period - Wrist shot by Daniel Zaar.
16:44 of 3rd period - Stopped by Niklas Svedberg with a rebound.
16:46 of 3rd period - Snap shot by Daniel Zaar.
16:46 of 3rd period - Shot Misses the Net.
16:48 of 3rd period - Snap shot by Zac Leslie.
16:48 of 3rd period - Stopped by Niklas Svedberg with a rebound.
16:50 of 3rd period - Snap shot by Daniel Zaar.
16:50 of 3rd period - Goal by Daniel Zaar - Condors : 5 - Carnivores : 2.
16:51 of 3rd period - Scott Laughton wins face-off versus Mark Jankowski in neutral zone.
16:53 of 3rd period - Minor Penalty to Mat Clark for Hooking.
16:54 of 3rd period - Frederik Gauthier wins face-off versus Anton Gustafsson in Carnivores zone.
16:58 of 3rd period - Snap shot by Alex Tuch.
16:58 of 3rd period - Shot Misses the Net.
17:00 of 3rd period - Snap shot by Alex Tuch.
17:00 of 3rd period - Stopped by Niklas Svedberg without a rebound.
17:01 of 3rd period - Anton Gustafsson wins face-off versus Frederik Gauthier in Carnivores zone.
17:06 of 3rd period - Slapshot by Josh Morrissey.
17:06 of 3rd period - Stopped by Mackenzie Blackwood with a rebound.
18:35 of 3rd period - Icing by Eric Gustafsson.
18:36 of 3rd period - Riley Barber wins face-off versus Frederik Gauthier in Condors zone.
18:53 of 3rd period - Penalty to Mat Clark is over, Mat Clark is back on ice.
19:03 of 3rd period - Snap shot by Markus Granlund.
19:03 of 3rd period - Shot Misses the Net.
19:05 of 3rd period - Slapshot by Travis Dermott.
19:05 of 3rd period - Stopped by Mackenzie Blackwood without a rebound.
19:06 of 3rd period - Louis Leblanc wins face-off versus Markus Granlund in Condors zone.
19:20 of 3rd period - Wrist shot by Daniel Zaar.
19:20 of 3rd period - Shot Blocked by T.J Brodie.
19:22 of 3rd period - Slapshot by Eric Gustafsson.
19:22 of 3rd period - Stopped by Niklas Svedberg without a rebound.
19:23 of 3rd period - Mark Jankowski wins face-off versus Scott Laughton in Carnivores zone.
19:55 of 3rd period - Wrist shot by Nicolas Kerdiles.
19:55 of 3rd period - Shot Misses the Net.
19:57 of 3rd period - Slapshot by Josh Morrissey.
19:57 of 3rd period - Shot Misses the Net.
19:59 of 3rd period - Snap shot by Nicolas Kerdiles.
19:59 of 3rd period - Shot Blocked by Christian Thomas.
Goals for this period are 4 for Condors vs 1 for Carnivores.
Shots for this period are 15 for Condors vs 13 for Carnivores.